 Dungeon Crawl Stone Soup version 0.27-a0-1312-g5cdb2b3542 (webtiles) character file.

Game seed: 1799971527998740710

1742 barkas the Sneak (level 9, 0/80 HPs)
             Began as a Naga Arcane Marksman on June 19, 2021.
             Was an Initiate of Gozag.
             Shot with an arrow by a centaur (8 damage)
             ... on level 7 of the Dungeon.
             The game lasted 00:16:04 (9420 turns).

barkas the Sneak (Naga Arcane Marksman)             Turns: 9420, Time: 00:16:04

Health: 0/80       AC:  7    Str: 13    XL:     9   Next: 5%
Magic:  0/10       EV:  9    Int: 17    God:    Gozag
Gold:   520        SH:  0    Dex: 11    Spells: 3/10 levels left

rFire    . . .     SeeInvis +   a - +0 shortbow (venom)
rCold    . . .     Faith    .   (shield currently unavailable)
rNeg     + . .     Spirit   +   d - +0 robe
rPois    +         Reflect  .   k - +0 helmet
rElec    .         Harm     .   t - +1 cloak
rCorr    .         Rampage  .   (no gloves)
Will     +....                  (no barding)
Stlth    +++.......             i - amulet of guardian spirit
HPRegen  0.23/turn              l - ring of flight
MPRegen  0.12/turn              m - ring of positive energy

@: flying, very slow
A: AC +3, large, see invisible, deformed body, poison resistance, slowness 2,
spit poison 1, naga tail 1
a: Spit Poison, Renounce Religion, Potion Petition, Call Merchant, Bribe Branch


You were on level 7 of the Dungeon.
You worshipped Gozag.
Gozag was pleased with you.
You visited 2 branches of the dungeon, and saw 8 of its levels.

You collected 644 gold pieces.
You paid 124 gold pieces to Gozag.

Inventory:

Hand Weapons
 a - a +0 shortbow of venom (weapon)
 b - a +0 dagger of draining
 A - a +0 short sword of draining
Missiles
 c - 57 arrows (quivered ammo)
 e - 6 atropa-tipped darts
 o - 23 poisoned darts
Armour
 d - a +0 robe (worn)
 k - a +0 helmet (worn)
 t - a +1 cloak (worn)
Jewellery
 i - an amulet of guardian spirit (around neck)
 l - a ring of flight (left hand)
 m - a ring of positive energy (right hand)
 y - an amulet of the acrobat
 H - an amulet of faith
Wands
 B - a wand of polymorph (4)
 E - a wand of mindburst (9)
Scrolls
 f - 2 scrolls of identify
 g - 3 scrolls of teleportation
 h - a scroll of enchant armour
 j - a scroll of brand weapon
 r - a scroll of noise
 u - a scroll of vulnerability {unknown}
 x - a scroll of magic mapping {unknown}
 z - a scroll of fear {unknown}
 C - a scroll of enchant weapon {unknown}
 F - a scroll of fog {unknown}
Potions
 p - 2 potions of lignification {unknown}
 s - a potion of ambrosia {unknown}
 v - a potion of mutation {unknown}
 w - a potion of attraction {unknown}
 D - a potion of flight {unknown}
 G - a potion of curing {unknown}


   Skills:
 + Level 4.9 Fighting
 * Level 6.5 Bows
 - Level 1.5 Dodging
 + Level 7.5 Stealth
 - Level 1.0 Spellcasting
 * Level 6.3 Hexes


You had 3 spell levels left.
You knew the following spells:

 Your Spells              Type           Power      Damage    Failure   Level
a - Corona                Hex            24%        N/A       1%          1
b - Slow                  Hex            22%        N/A       2%          2
c - Cause Fear            Hex            11%        N/A       16%         4

Your spell library contained the following spells:

 Spells                   Type           Power      Damage    Failure   Level
 Inner Flame              Hex/Fire       11%        N/A       19%         3
 Portal Projectile        Hex/Tloc       22%        N/A       19%         3
 Foxfire                  Conj/Fire      0%         2x1d4     22%         1
 Corpse Rot               Necr/Air       N/A        N/A       32%         2
 Conjure Flame            Conj/Fire      0%         6-21      54%         3
 Stone Arrow              Conj/Erth      0%         3d7       54%         3
 Leda's Liquefaction      Hex/Erth       5%         N/A       52%         4
 Sticky Flame             Conj/Fire      0%         2d3       91%         4
 Fireball                 Conj/Fire      0%         3d3       99%         5
 Summon Forest            Summ/Tloc      0%         N/A       99%         5
 Eringya's Noxious Bog    Tmut/Pois      0%         N/A       100%        6
 Summon Hydra             Summ           0%         N/A       100%        7


Dungeon Overview and Level Annotations

Branches:
Dungeon (7/15)             Temple (1/1) D:5

Altars:
Ashenzari
Cheibriados
Dithmenos
Elyvilon
Fedhas
Gozag
Hepliaklqana
Kikubaaqudgha
Makhleb
Nemelex Xobeh
Okawaru
Qazlal
Ru
Sif Muna
Trog
Uskayaw
Vehumet
Wu Jian
Xom
Yredelemnul
Zin
The Shining One

Shops:
D:1 (   D:2 :

Annotations:
D:4 3 runed translucent doors, mordus's ghost, amateur MiFi


Innate Abilities, Weirdness & Mutations

Your serpentine skin is tough. (AC +3)
You have supernaturally acute eyesight. (SInv)
Armour fits poorly on your strangely shaped body.
Your system is resistant to poisons. (rPois)
You cover ground very slowly.
You can spit poison.
You have a snake-like lower body.


Message History

The arrow burns you.
* * * LOW HITPOINT WARNING * * *
The centaur shoots an arrow.
The arrow barely misses you.
The centaur shoots an arrow.
The arrow hits you.
* * * LOW HITPOINT WARNING * * *
The arrow burns you.
* * * LOW HITPOINT WARNING * * *
You feel much better.
The centaur shoots an arrow.
The arrow hits you! The arrow burns you.
As you read the scroll labelled LOACOK VUGIOSK, it crumbles to dust.
It is a scroll of enchant armour.
Your +0 cloak glows green for a moment.
The centaur shoots an arrow.
The arrow closely misses you.
The centaur shoots an arrow.
The arrow hits you.
As you read the scroll labelled KUREGREUHI, it crumbles to dust.
It is a scroll of brand weapon.
Your +0 shortbow drips with poison.
a - a +0 shortbow of venom (weapon)
The centaur shoots an arrow.
The arrow hits you.
* * * LOW HITPOINT WARNING * * *
The arrow burns you.
* * * LOW HITPOINT WARNING * * *
The centaur shoots an arrow.
The arrow completely misses you.
As you read the scroll labelled LONTIU RENYA, it crumbles to dust.
You hear a loud clanging noise!
It was a scroll of noise.
You hear a shout!
The centaur shoots an arrow.
The arrow hits you.
* * * LOW HITPOINT WARNING * * *
The arrow burns you.
* * * LOW HITPOINT WARNING * * *
The centaur shoots an arrow.
The arrow hits you!
* * * LOW HITPOINT WARNING * * *
Unknown command.
As you read the scroll labelled USHOGRIETIY, it crumbles to dust.
It is a scroll of amnesia.
Really abort (and waste the scroll)?
Okay, then.
The centaur shoots an arrow.
The arrow hits you!
You die...
Your body crumbles into a pile of gold.

##### ##...## #.....#
#.....# #.....#
########..##
..##....####'#######.##
..........#....$((c(...
..........'...@$..c.(..
.........<#........(...
..##....>###########...
# #.....# .. #[.....+ (
##..(..# #######


You could see 2 centaurs.

Vanquished Creatures
  Grinder (D:3)
  2 steam dragons (D:6)
  A necrophage (D:5)
  3 ogres
  A black bear (D:6)
  2 centaurs
  3 scorpions
  A centaur zombie (D:7)
  A centaur skeleton (D:7)
  A jelly (D:6)
  An orc priest (D:5)
  A gnoll shaman (D:5)
  2 hounds
  2 iguanas
  An orc wizard (D:4)
  A killer bee zombie (D:5)
  A hound zombie (D:5)
  Robin (D:3)
  4 gnolls (D:5)
  4 adders
  A white imp (D:4)
  3 worms (D:3)
  2 dart slugs
  19 orcs
  7 ball pythons
  6 endoplasms
  3 giant cockroaches
  13 goblins
  10 hobgoblins
  6 jackals
  2 quokkas (D:4)
  8 bats
  7 frilled lizards
  5 kobolds
  9 rats
135 creatures vanquished.

Vanquished Creatures (others)
  2 fungi (D:4)
  2 plants (D:4)
4 creatures vanquished.

Grand Total: 139 creatures vanquished

Notes
Turn   | Place    | Note
-------+----------+-------------------------------------------
     0 | D:1      | barkas the Naga Arcane Marksman began the quest for the
                  | Orb.
     0 | D:1      | Reached XP level 1. HP: 18/18 MP: 2/2
   170 | D:1      | Reached XP level 2. HP: 25/25 MP: 0/3
   220 | D:1      | Reached skill level 1 in Stealth
   427 | D:1      | Found a faded altar of an unknown god.
   708 | D:1      | Found Suuck's Weapon Emporium.
  1005 | D:2      | Found a radiant altar of Vehumet.
  1090 | D:2      | Reached XP level 3. HP: 13/31 MP: 2/4
  1810 | D:2      | Found Atennudu's Book Boutique.
  1821 | D:2      | Learned a level 2 spell: Slow
  1840 | D:2      | Reached skill level 2 in Stealth
  2185 | D:3      | HP: 1/32 [adder (3)]
  2500 | D:3      | Reached XP level 4. HP: 39/39 MP: 3/5
  3005 | D:3      | Noticed Grinder
  3124 | D:3      | Killed Grinder
  3125 | D:3      | Reached skill level 3 in Stealth
  3125 | D:3      | Reached XP level 5. HP: 21/46 MP: 6/6
  3125 | D:3      | Reached XP level 6. HP: 25/55 MP: 7/7
  3604 | D:3      | Noticed Robin
  3624 | D:3      | Killed Robin
  3625 | D:3      | Reached skill level 4 in Stealth
  4741 | D:4      | Found a runed translucent gate.
  4741 | D:4      | Found a runed translucent gate.
  4742 | D:4      | Found a runed translucent gate.
  4746 | D:4      | Noticed mordus's ghost (amateur MiFi)
  4869 | D:4      | Reached XP level 7. HP: 22/62 MP: 1/8
  5613 | D:4      | Reached skill level 5 in Stealth
  5737 | D:5      | Entered Level 5 of the Dungeon
  6263 | D:5      | Reached skill level 5 in Bows
  6388 | D:5      | Found a staircase to the Ecumenical Temple.
  6524 | Temple   | Entered the Ecumenical Temple
  6627 | Temple   | Became a worshipper of Gozag Ym Sagoz the Greedy
  7164 | D:5      | Reached skill level 5 in Hexes
  7164 | D:5      | Reached XP level 8. HP: 65/72 MP: 4/9
  7266 | D:5      | Reached skill level 6 in Stealth
  7268 | D:5      | Noticed Edmund
  7281 | D:5      | Noticed Edmund
  7281 | D:5      | Edmund changed into Edmund the gnoll
  7299 | D:5      | Killed Edmund the gnoll
  8089 | D:6      | Learned a level 4 spell: Cause Fear
  8572 | D:6      | Reached skill level 7 in Stealth
  8883 | D:6      | Found a blossoming altar of Fedhas.
  8947 | D:6      | Reached XP level 9. HP: 43/80 MP: 3/10
  9420 | D:7      | Shot with an arrow by a centaur

Illustrated notes

Levels and vault maps discovered:
D:1:      psy_arrival_terrarium, layout_basic, serial_shops,
          nicolae_square_shop, basic_ecumenical_altar, serial_park_tiny_2,
          minmay_domino_4
D:2:      layout_loops_corners, basic_altar, serial_shops, shop
D:3:      layout_basic, uniq_grinder, uniq_robin
D:4:      layout_rooms, gammafunk_ghost_nasty_kobolds,
          minmay_misc_feat_ornament, minmay_misc_feat_pillars
D:5:      layout_layer_cave, minmay_temple_entry_proselytizer, uniq_edmund
D:6:      layout_loops_corners, lemuel_doored_altar
D:7:      layout_gridville, kennysheep_small_square
Temple:   grunt_wide_crystal_templ

Skill      XL: |  1  2  3  4  5  6  7  8 |
---------------+-------------------------+-----
Bows           | 2 3 4 5 6 |  6.5
Stealth        | 1 2 3 4 5 7 |  7.5
Fighting       | 2 3 4 |  4.9
Hexes          | 4 5 6 |  6.3
Dodging        | |  1.5
Spellcasting   | |  1.0

Action                   |  1- 3 |  4- 6 |  7- 9 || total
-------------------------+-------+-------+-------++-------
Melee: Dagger            |    41 |   128 |   116 ||   285
 Fire: Shortbow          |    38 |    50 |   146 ||   234
Throw: Dart              |       |     6 |       ||     6
 Cast: Corona            |    15 |     5 |     7 ||    27
       Slow              |       |     9 |    38 ||    47
 Abil: Spit Poison       |    37 |    42 |    29 ||   108
Evoke: Wand              |       |       |     4 ||     4
  Use: Potion            |     1 |     1 |     2 ||     4
       Scroll            |       |       |     5 ||     5
 Stab: Sleeping          |       |     1 |     1 ||     2
Armor: Robe              |    18 |    55 |    98 ||   171
Dodge: Dodged            |    37 |    75 |    98 ||   210

Table legend: (Time is in decaauts)
 A = Elapsed time spent in this place.
 B = Non-inter-level travel time spent in this place.
 C = Inter-level travel time spent in this place.
 D = Time resting spent in this place.
 E = Time spent auto-exploring this place.
 F = Levels seen in this place.
 G = Mean time per level.
                   A        B        C        D        E       F      G
               +--------+--------+--------+--------+--------+-----+--------+
         Total |  11343 |  11069 |    274 |   1723 |   7897 |   8 | 1417.9 |
       Dungeon |  11192 |  10969 |    223 |   1723 |   7820 |   7 | 1598.9 |
        Temple |    150 |    100 |     50 |      0 |     77 |   1 |  150.0 |
               +--------+--------+--------+--------+--------+-----+--------+

Top non-repeatable levels by time:
     D:3: 2384 daAuts
     D:5: 2164 daAuts
     D:4: 2153 daAuts
     D:6: 1696 daAuts
     D:2: 1523 daAuts
     D:1: 1158 daAuts
  Temple: 150 daAuts
     D:7: 111 daAuts
